 Dungeon Crawl Stone Soup version 0.31.0-32-g396128a36d (webtiles) character file.

Game seed: 16955351935384915772

2183 mainiacjoe the Cleaver (level 9, 0/83 HPs)
             Began as a Hill Orc Fighter on Mar 10, 2024.
             Was a Follower of Fedhas.
             Slain by a killer bee (2 damage)
             ... on level 6 of the Dungeon.
             The game lasted 00:14:40 (6531 turns).

mainiacjoe the Cleaver (Hill Orc Fighter)           Turns: 6531, Time: 00:14:40

Health: 0/83       AC: 10    Str: 23    XL:     9   Next: 33%
Magic:  4/11       EV:  8    Int:  8    God:    Fedhas [*.....]
Gold:   148        SH:  5    Dex: 10    Spells: 8/8 levels left

rFire   . . .        a - +2 flail (drain)
rCold   . . .        c - +0 buckler
rNeg    . . .        E - +0 chain mail
rPois   .            (no helmet)
rElec   .            (no cloak)
rCorr   .            (no gloves)
SInv    +            (no boots)
Will    +....        D - amulet of the acrobat Stlth
                     l - ring of willpower
HPRegen 0.33/turn    y - ring of see invisible
MPRegen 0.12/turn

%: acrobat
@: lethally poisoned (0 -> -5)
A: no striking features
a: Renounce Religion


You were on level 6 of the Dungeon.
You worshipped Fedhas.
Fedhas was aware of your devotion.
You visited 2 branches of the dungeon, and saw 7 of its levels.
You also visited: Sewer and Ossuary.

You collected 310 gold pieces.
You spent 162 gold pieces at shops.

Inventory:

Hand Weapons
 a - a +2 flail of draining (weapon)
 b - a +1 antimagic war axe
 h - a +0 sling of draining
 w - a +1 war axe
 G - the +7 great sword "Eligib" {protect, rElec}
   (You found it on level 4 of the Dungeon)

   rElec:     It insulates you from electricity.
Missiles
 i - 85 stones
 n - 28 poisoned darts
 r - 7 curare-tipped darts {=F}
Armour
 c - a +0 buckler (worn)
 f - a +0 scale mail
 E - a +0 chain mail (worn)
Jewellery
 l - a ring of willpower (left hand)
 o - a ring of flight
 y - a ring of see invisible (right hand)
 z - a ring of willpower
 D - an amulet of the acrobat (around neck)
Wands
 p - a wand of polymorph (9)
 s - a wand of acid (6)
Scrolls
 j - 6 scrolls of teleportation
 q - a scroll of blinking
 B - 2 scrolls of torment
 C - 2 scrolls of amnesia
Potions
 d - 4 potions of heal wounds
 e - 3 potions of cancellation
 g - a potion of haste
 k - 2 potions of curing
 m - 2 potions of invisibility
 u - 2 potions of magic
 v - 2 potions of might
 x - 2 potions of mutation
 F - 2 potions of attraction


   Skills:
 + Level 9.1 Fighting
 - Level 10.0 Axes
 + Level 5.7 Armour
 + Level 5.7 Shields
 + Level 2.9 Invocations


You had 8 spell levels left.
You didn't know any spells.
Your spell library contained the following spells:

 Spells                   Type           Power      Damage    Failure   Level
 Necrotise                Necr           0%         1d4       96%         1
 Shock                    Conj/Air       0%         1d3       96%         1
 Ozocubu's Armour         Ice            0%         N/A       100%        3
 Swiftness                Air            0%         N/A       100%        3
 Vampiric Draining        Necr           0%         2d6       100%        3
 Airstrike                Air            0%         2d(0-16)  100%        4
 Martyr's Knell           Necr/Summ      0%         N/A       100%        4
 Curse of Agony           Necr           0%         N/A       100%        5
 Metabolic Englaciation   Hex/Ice        0%         N/A       100%        5
 Sculpt Simulacrum        Ice/Alch       0%         N/A       100%        6


Dungeon Overview and Level Annotations

Branches:
Dungeon (6/15)             Temple (1/1) D:5           Sewer (visited)
Ossuary (visited)

Altars:
Ashenzari
Cheibriados
Dithmenos
Fedhas
Gozag
Kikubaaqudgha
Makhleb
Nemelex Xobeh
Qazlal
Ru
Sif Muna
Trog
Uskayaw
Wu Jian
Yredelemnul
Zin
The Shining One

Shops:
D:1 =(=


Message History

You feel sick. You block the killer bee's attack. The killer bee stings you.
* * * LOW HITPOINT WARNING * * *
You are more poisoned.
The killer bee poisons you!
You miss the killer bee.
The killer bee is almost dead.
You feel sick. The killer bee barely misses you.
The killer bee stings you but does no damage.
You sock the killer bee!
You kill the killer bee!
Fedhas appreciates your contribution to the ecosystem.
You feel sick. The killer bee barely misses you.
The killer bee stings you but does no damage.
You barely miss the killer bee.
You feel sick. The killer bee barely misses you.
The killer bee stings you but does no damage.
You sock the killer bee!
The killer bee is heavily wounded.
You feel sick. The killer bee barely misses you. The killer bee stings you.
* * * LOW HITPOINT WARNING * * *
You block the killer bee's attack.
You barely miss the killer bee.
The killer bee is heavily wounded.
You feel sick. The killer bee stings you.
* * * LOW HITPOINT WARNING * * *
The killer bee stings you but does no damage.
You barely miss the killer bee.
The killer bee is heavily wounded.
You feel sick.
The killer bee stings you but does no damage.
The killer bee stings you!
* * * LOW HITPOINT WARNING * * *
You are lethally poisoned!
The killer bee poisons you!
You closely miss the killer bee.
The killer bee is heavily wounded.
* * * LOW HITPOINT WARNING * * *
You feel sick. The killer bee stings you.
You die...
Fedhas appreciates your contribution to the ecosystem.

#.#.#.#.#.#..## ..
#.........#..# ..
##.......###.## #.#
###...#####..# #..
#.......#..# ##^..
#.#.#.#.#..### ....#
#.......#....#
#.y####.#.#.#.......
#@##.........#####
##....#.#.#.## #
##.........#
###.###.### ##.#.##
#.# ##


You could see a killer bee.

Vanquished Creatures
  An ogre (D:6)
  2 phantoms
  Blork the orc (D:5)
  6 kobold brigands
  10 scorpions
  4 killer bees (D:6)
  2 human zombies (Ossuary)
  3 hounds
  An orc priest (D:6)
  2 iguanas
  5 scorpion zombies (Ossuary)
  3 mummies (Ossuary)
  7 gnolls
  10 adders
  2 ufetubi (D:6)
  4 dart slugs
  2 ribbon worms (D:2)
  8 orcs
  9 endoplasms
  6 giant cockroaches
  3 gnoll zombies (Ossuary)
  2 goblins (D:1)
  9 hobgoblins
  4 jackals (D:1)
  2 quokkas
  8 ball pythons
  A ball python zombie (Ossuary)
  10 bats
  3 frilled lizards
  3 jackal zombies (Ossuary)
  23 kobolds
  An orc zombie (Ossuary)
  6 rats
163 creatures vanquished.

Notes
Turn   | Place    | Note
-------+----------+-------------------------------------------
     0 | D:1      | mainiacjoe the Hill Orc Fighter began the quest for the
                  | Orb.
     0 | D:1      | Reached XP level 1. HP: 19/19 MP: 1/1
    71 | D:1      | Reached skill level 3 in Axes
    72 | D:1      | Found Meociecs's Jewellery Emporium.
   118 | D:1      | Reached XP level 2. HP: 27/27 MP: 2/2
   146 | D:1      | Found Paxonoac's Weapon Emporium.
   184 | D:1      | Reached skill level 4 in Axes
   191 | D:1      | Found Moez Oxzaji's Jewellery Shoppe.
   215 | D:1      | Reached XP level 3. HP: 33/33 MP: 3/3
  1289 | D:2      | Reached XP level 4. HP: 40/41 MP: 4/4
  1360 | D:2      | Found a faded altar of an unknown god.
  1372 | D:2      | Reached skill level 5 in Axes
  1596 | D:2      | 2
  1847 | D:3      | Reached XP level 5. HP: 47/47 MP: 5/5
  2043 | D:3      | Found a glowing drain.
  2053 | D:3      | Reached skill level 5 in Fighting
  2061 | Sewer    | Entered a sewer
  2084 | Sewer    | Noticed a kobold brigand
  2084 | Sewer    | Noticed a kobold brigand
  2094 | Sewer    | Killed a kobold brigand
  2094 | Sewer    | Killed a kobold brigand
  2095 | Sewer    | Reached skill level 7 in Axes
  2095 | Sewer    | Reached XP level 6. HP: 20/56 MP: 6/6
  2489 | Sewer    | Reached skill level 8 in Axes
  2489 | Sewer    | Reached XP level 7. HP: 26/63 MP: 7/7
  3377 | D:4      | Found a sand-covered staircase.
  3387 | Ossuary  | Entered an ossuary
  3412 | Ossuary  | Reached skill level 9 in Axes
  3539 | Ossuary  | Reached XP level 8. HP: 73/73 MP: 8/8
  3552 | Ossuary  | Reached skill level 10 in Axes
  4362 | D:1      | Bought a +0 antimagic war axe for 162 gold pieces
  4717 | D:4      | Identified the +7 great sword "Eligib" {protect, rElec}
  4812 | D:5      | Entered Level 5 of the Dungeon
  4892 | D:5      | Noticed Blork the orc
  4916 | D:5      | Killed Blork the orc
  5533 | D:5      | Found a staircase to the Ecumenical Temple.
  5542 | D:5      | Reached skill level 5 in Armour
  5542 | D:5      | Reached skill level 5 in Shields
  5621 | Temple   | Entered the Ecumenical Temple
  5764 | Temple   | Became a worshipper of Fedhas Madash
  6000 | D:5      | Reached skill level 1 in Invocations
  6000 | D:5      | Reached XP level 9. HP: 74/82 MP: 9/9
  6526 | D:6      | Reached * piety under Fedhas
  6530 | D:6      | HP: 4/83 [killer bee (7)]
  6531 | D:6      | Slain by a killer bee

Illustrated notes

..####.##.##.######.##
........#.##.# #.#
#.####..#.##.# #.#
#.#.<...#.##.# #.#
#.####.##.##.# #.#
#.........##.# #.#
######.#####.# #.#
...........#.######.#
######.###.#....@...#
# #.# #.########## #
#.# #.# # #.# #.# #
##.# #.# #
##..###.####### #
#..###........#
####.## ########.#
..##.###########.#


Turn 1596 on D:2: 2

Levels and vault maps discovered:
D:1:      ncdulo_watergridlock, layout_loops_cross, serial_shops,
          nicolae_shop_gaudy_bauble, nicolae_shop_waterfront,
          nicolae_shop_peninsula
D:2:      layout_basic, chequers_ecumenical_altar_simple_redux,
          serial_bayou_pond_c, minmay_strange_pillars
D:3:      layout_loops_ring, portal_sewer_entry_a
D:4:      layout_loops_ring, mainiacjoe_ossuary_entry_dusty_tomb
D:5:      layout_loops_ring, temple_green, minmay_misc_feat_rows,
          uniq_blork_the_orc
D:6:      layout_layer_cave, mainiacjoe_overflow_cross_hatched, serial_glass,
          glass_columns_c, glass_columns_b, glass_columns_c, glass_columns_a,
          glass_columns_c, glass_columns_b, glass_columns_c, glass_columns_c,
          serial_shops, shop, minmay_misc_feat_iff,
          hangedman_abyss_or_decor_passed, minmay_bent
Temple:   minmay_crystal_spiral_temple

Skill      XL: |  1  2  3  4  5  6  7  8  9 |
---------------+----------------------------+-----
Axes           | 3 4 5 7 8 9 10 | 10.0
Fighting       | 4 5 6 7 8 9 |  9.1
Armour         | 5 |  5.7
Shields        | 5 |  5.7
Invocations    | 1 2 |  2.9

Action                     |  1- 3 |  4- 6 |  7- 9 || total
---------------------------+-------+-------+-------++-------
  Melee: War axe           |    72 |   103 |   189 ||   364
         Flail             |       |    25 |   112 ||   137
   Fire: Sling             |    20 |       |       ||    20
  Throw: Dart              |     2 |       |       ||     2
    Use: Scroll            |     5 |     1 |    13 ||    19
         Potion            |       |     1 |     1 ||     2
 Armour: Scale mail        |    51 |   108 |    14 ||   173
         Chain mail        |       |       |   211 ||   211
  Dodge: Dodged            |    46 |    76 |   123 ||   245
  Block: Buckler           |    20 |    36 |    69 ||   125
